[ AOE2 MATCH · #462000205 ]
UnrankedBohemians vs Malians
Player's team · LOSS
[ REPLAY ANALYSIS · EXTRACTED FROM THE RECORDED GAME ]
Feudal
—
Castle
—
Imperial
—
| APM avg | 34.5 |
| APM peak | 94 |
| eAPM avg | 7.5 |
| Villagers / military | 0 / 175 |
Focus
⚔️ 98.3% · 🌾 1.7%
Hand Cannoneer ×145 · Spearman ×30
Feudal
—
Castle
—
Imperial
—
| APM avg | 8.3 |
| APM peak | 17 |
| eAPM avg | 5.0 |
| Villagers / military | 0 / 0 |
Focus
⚔️ 99.2% · 🌾 0.8%
Feudal
—
Castle
—
Imperial
—
| APM avg | 17.1 |
| APM peak | 38 |
| eAPM avg | 11.9 |
| Villagers / military | 0 / 563 |
Focus
⚔️ 97.6% · 🌾 2.4%
Knight ×484 · Battering Ram ×79
Feudal
—
Castle
—
Imperial
—
| APM avg | 50.2 |
| APM peak | 101 |
| eAPM avg | 12.1 |
| Villagers / military | 0 / 162 |
Focus
⚔️ 98.5% · 🌾 1.5%
Knight ×162
Feudal
—
Castle
—
Imperial
—
| APM avg | 25.1 |
| APM peak | 42 |
| eAPM avg | 22.7 |
| Villagers / military | 0 / 323 |
Focus
⚔️ 96.9% · 🌾 3.1%
Knight ×196 · Archer ×127
Feudal
—
Castle
—
Imperial
—
| APM avg | 22.2 |
| APM peak | 56 |
| eAPM avg | 4.7 |
| Villagers / military | 0 / 0 |
Focus
⚔️ 97.9% · 🌾 2.1%
Feudal
—
Castle
—
Imperial
—
| APM avg | 14.4 |
| APM peak | 30 |
| eAPM avg | 3.6 |
| Villagers / military | 0 / 0 |
Focus
⚔️ 100.0% · 🌾 0.0%
Feudal
—
Castle
—
Imperial
—
| APM avg | 16.0 |
| APM peak | 29 |
| eAPM avg | 11.6 |
| Villagers / military | 0 / 664 |
Focus
⚔️ 93.8% · 🌾 6.2%
Cavalry Archer ×358 · Archer ×243 · Battering Ram ×63
Match map
Initial resources + every placement click. Lines = walls · curves = elevation contours. ◆ gold · ⬟ stone · ● berries · ✦ relic · ◌ wall gap
Your base
Uber_Black's base· Open — unwalled flank
Krl0zz16's base· Open — unwalled flank
Dan1017's base
xpentanx's base· Open — unwalled flank
Didacta's base
mcbobthegamr's base
DEXXTER's base
Smoothed initial terrain · ◌ = detected wall gap · hover for details
Inputs per minute
— LOGAN - - Uber_Black
Build order — LOGAN
79 actions detected in the replay
| 14:09 | Research | Ballistics |
| 14:10 | Research | Chemistry |
| 14:11 | Research | Treadmill Crane |
| 14:12 | Research | Guard Tower (upgrade) |
| 14:13 | Research | Tech 909 |
| 14:14 | Research | Tech 908 |
| 14:15 | Research | Careening |
| 17:38 | Build | Archery Range |
| 17:42 | Build | Archery Range |
| 17:46 | Build | Archery Range |
| 17:51 | Build | Archery Range |
| 18:26 | Research | Iron Casting |
| 18:27 | Research | Chain Mail Armor |
| 18:28 | Research | Chain Barding Armor |
| 18:29 | Research | Bodkin Arrow |
| 18:30 | Research | Leather Archer Armor |
| 19:03 | Build | Archery Range |
| 19:05 | Build | Archery Range |
| 19:07 | Build | Archery Range |
| 19:09 | Build | Archery Range |
| 23:21 | Build | Archery Range |
| 23:23 | Build | Archery Range |
| 23:25 | Build | Archery Range |
| 23:38 | Build | Archery Range |
| 23:40 | Build | Archery Range |
| 24:44 | Create | Hand Cannoneer ×5 |
| 24:44 | Create | Hand Cannoneer ×5 |
| 24:44 | Create | Hand Cannoneer ×5 |
| 24:45 | Create | Hand Cannoneer ×5 |
| 24:45 | Create | Hand Cannoneer ×5 |
| 24:46 | Create | Hand Cannoneer ×5 |
| 24:46 | Create | Hand Cannoneer ×5 |
| 24:46 | Create | Hand Cannoneer ×5 |
| 24:47 | Create | Hand Cannoneer ×5 |
| 24:47 | Create | Hand Cannoneer ×5 |
| 24:47 | Create | Hand Cannoneer ×5 |
| 24:48 | Create | Hand Cannoneer ×5 |
| 24:48 | Create | Hand Cannoneer ×5 |
| 24:48 | Create | Hand Cannoneer ×5 |
| 24:49 | Create | Hand Cannoneer ×5 |
| 24:49 | Create | Hand Cannoneer ×5 |
| 25:25 | Build | Barracks |
| 25:29 | Build | Barracks |
| 26:16 | Research | Crossbowman (upgrade) |
| 26:26 | Research | Bombard Tower (upgrade) |
| 26:27 | Research | Keep (upgrade) |
| 26:28 | Research | Arrowslits |
| 26:32 | Research | Blast Furnace |
| 26:33 | Research | Plate Mail Armor |
| 26:33 | Research | Bracer |
| 26:34 | Research | Ring Archer Armor |
| 26:40 | Research | Conscription |
| 26:41 | Research | Hussite Reforms |
| 26:42 | Research | Wagenburg Tactics |
| 26:42 | Research | Elite Hussite Wagon (upgrade) |
| 26:44 | Research | Sappers |
| 26:45 | Research | Spies/Treason |
| 26:55 | Research | Squires |
| 26:56 | Research | Pikeman (upgrade) |
| 27:08 | Create | Hand Cannoneer ×5 |
| 27:09 | Create | Hand Cannoneer ×5 |
| 27:09 | Create | Hand Cannoneer ×5 |
| 27:09 | Create | Hand Cannoneer ×5 |
| 27:10 | Create | Hand Cannoneer ×5 |
| 27:10 | Create | Hand Cannoneer ×5 |
| 27:11 | Create | Hand Cannoneer ×5 |
| 27:11 | Create | Hand Cannoneer ×5 |
| 27:11 | Create | Hand Cannoneer ×5 |
| 27:12 | Create | Hand Cannoneer ×5 |
| 27:12 | Create | Hand Cannoneer ×5 |
| 27:12 | Create | Hand Cannoneer ×5 |
| 27:13 | Create | Hand Cannoneer ×5 |
| 27:37 | Create | Spearman ×5 |
| 27:37 | Create | Spearman ×5 |
| 27:38 | Create | Spearman ×5 |
| 27:39 | Create | Spearman ×5 |
| 27:39 | Create | Spearman ×5 |
| 27:39 | Create | Spearman ×5 |
| 27:41 | Research | Halberdier (upgrade) |
Build order — Uber_Black
43 actions detected in the replay
| 13:04 | Research | Bodkin Arrow |
| 13:05 | Research | Leather Archer Armor |
| 13:06 | Research | Chain Mail Armor |
| 13:12 | Research | Treadmill Crane |
| 13:13 | Research | Ballistics |
| 13:14 | Research | Guard Tower (upgrade) |
| 13:15 | Research | Careening |
| 13:16 | Research | Tech 908 |
| 21:12 | Build | Stable |
| 21:13 | Build | Stable |
| 21:16 | Build | Stable |
| 21:20 | Build | Stable |
| 21:21 | Build | Stable |
| 21:23 | Build | Stable |
| 21:24 | Build | Stable |
| 21:26 | Build | Stable |
| 21:27 | Build | Stable |
| 21:28 | Build | Stable |
| 21:30 | Build | Stable |
| 21:33 | Build | Stable |
| 21:35 | Build | Stable |
| 21:36 | Build | Stable |
| 21:39 | Build | Stable |
| 21:41 | Build | Stable |
| 24:16 | Research | Chain Barding Armor |
| 24:19 | Research | Husbandry |
| 24:20 | Research | Bloodlines |
| 24:21 | Research | Light Cavalry (upgrade) |
| 26:45 | Research | Heavy Camel Rider (upgrade) |
| 26:49 | Research | Plate Mail Armor |
| 26:50 | Research | Ring Archer Armor |
| 26:51 | Research | Plate Barding Armor |
| 26:54 | Research | Chemistry |
| 26:55 | Research | Keep (upgrade) |
| 26:56 | Research | Tech 907 |
| 26:58 | Research | Dry Dock |
| 27:01 | Research | Spies/Treason |
| 27:02 | Research | Elite Gbeto (upgrade) |
| 27:03 | Research | Tigui |
| 27:04 | Research | Farimba |
| 27:04 | Research | Conscription |
| 27:05 | Research | Sappers |
| 27:28 | Research | Cavalier (upgrade) |
Build order — Krl0zz16
First 150 of 182 actions detected
| 15:32 | Build | Stable |
| 15:34 | Build | Stable |
| 15:36 | Build | Stable |
| 15:38 | Build | Stable |
| 15:43 | Research | Chain Mail Armor |
| 15:44 | Research | Iron Casting |
| 15:44 | Research | Chain Barding Armor |
| 15:45 | Research | Bodkin Arrow |
| 15:48 | Research | Stronghold |
| 15:52 | Research | Treadmill Crane |
| 15:53 | Research | Ballistics |
| 15:53 | Research | Guard Tower (upgrade) |
| 15:54 | Research | Tech 908 |
| 15:55 | Research | Careening |
| 16:23 | Research | Husbandry |
| 16:24 | Research | Light Cavalry (upgrade) |
| 16:25 | Create | Knight ×5 |
| 16:25 | Create | Knight ×5 |
| 16:26 | Create | Knight ×3 |
| 16:26 | Create | Knight ×3 |
| 17:01 | Research | Leather Archer Armor |
| 17:04 | Create | Knight ×5 |
| 17:05 | Create | Knight ×5 |
| 17:05 | Create | Knight ×5 |
| 17:22 | Build | Stable |
| 17:27 | Build | Stable |
| 17:29 | Build | Stable |
| 17:31 | Build | Stable |
| 17:35 | Build | Stable |
| 17:37 | Build | Stable |
| 17:39 | Build | Stable |
| 17:41 | Build | Stable |
| 17:42 | Build | Stable |
| 17:44 | Build | Stable |
| 17:45 | Build | Stable |
| 17:47 | Build | Stable |
| 17:48 | Build | Stable |
| 17:58 | Create | Knight ×5 |
| 17:59 | Create | Knight ×5 |
| 17:59 | Create | Knight ×5 |
| 17:59 | Create | Knight ×3 |
| 18:19 | Create | Knight ×5 |
| 18:20 | Create | Knight ×5 |
| 18:20 | Create | Knight ×5 |
| 18:20 | Create | Knight ×2 |
| 18:39 | Create | Knight ×5 |
| 18:40 | Create | Knight ×5 |
| 18:40 | Create | Knight ×5 |
| 18:40 | Create | Knight ×5 |
| 19:13 | Research | Spies/Treason |
| 19:14 | Research | Conscription |
| 19:14 | Research | Furor Celtica |
| 19:16 | Research | Elite Woad Raider (upgrade) |
| 19:16 | Research | Sappers |
| 19:23 | Research | Cavalier (upgrade) |
| 19:23 | Research | Hussar (upgrade) |
| 19:25 | Create | Knight ×5 |
| 19:25 | Create | Knight ×5 |
| 19:26 | Create | Knight ×5 |
| 19:26 | Create | Knight ×5 |
| 19:27 | Create | Knight ×5 |
| 19:27 | Create | Knight ×5 |
| 19:28 | Create | Knight ×3 |
| 19:38 | Create | Knight ×2 |
| 19:41 | Create | Knight |
| 19:46 | Research | Chemistry |
| 19:47 | Research | Arrowslits |
| 19:48 | Research | Siege Engineers |
| 19:48 | Research | Keep (upgrade) |
| 19:49 | Research | Shipwright |
| 19:50 | Research | Tech 907 |
| 19:50 | Research | Dry Dock |
| 19:53 | Research | Blast Furnace |
| 19:53 | Research | Plate Mail Armor |
| 20:02 | Create | Knight ×5 |
| 20:02 | Create | Knight ×5 |
| 20:03 | Create | Knight ×5 |
| 20:03 | Create | Knight ×5 |
| 20:43 | Create | Knight ×5 |
| 20:53 | Research | Paladin (upgrade) |
| 20:55 | Create | Knight ×5 |
| 20:55 | Create | Knight ×5 |
| 20:55 | Create | Knight ×5 |
| 20:55 | Create | Knight ×3 |
| 20:58 | Create | Knight ×5 |
| 20:59 | Create | Knight ×5 |
| 20:59 | Create | Knight ×5 |
| 21:00 | Create | Knight ×5 |
| 21:01 | Create | Knight ×5 |
| 21:01 | Create | Knight ×5 |
| 21:01 | Create | Knight ×5 |
| 21:02 | Create | Knight ×4 |
| 21:28 | Create | Knight ×5 |
| 21:28 | Create | Knight ×5 |
| 21:29 | Create | Knight ×5 |
| 21:29 | Create | Knight ×5 |
| 21:29 | Create | Knight ×5 |
| 21:30 | Create | Knight |
| 21:31 | Create | Knight |
| 21:33 | Create | Knight |
| 22:27 | Create | Knight ×5 |
| 22:28 | Create | Knight ×5 |
| 22:28 | Create | Knight ×5 |
| 22:28 | Create | Knight ×5 |
| 22:29 | Create | Knight ×5 |
| 22:29 | Create | Knight ×5 |
| 22:30 | Create | Knight ×5 |
| 22:31 | Create | Knight ×3 |
| 22:34 | Create | Knight |
| 22:36 | Create | Knight |
| 22:46 | Create | Knight ×5 |
| 22:46 | Create | Knight ×5 |
| 22:46 | Create | Knight ×5 |
| 23:30 | Create | Knight ×5 |
| 23:30 | Create | Knight ×5 |
| 23:31 | Create | Knight ×5 |
| 23:31 | Create | Knight ×5 |
| 23:31 | Create | Knight ×5 |
| 23:32 | Create | Knight ×5 |
| 23:32 | Create | Knight ×5 |
| 23:32 | Create | Knight ×5 |
| 23:33 | Create | Knight ×2 |
| 23:59 | Create | Knight ×5 |
| 24:00 | Create | Knight ×5 |
| 24:00 | Create | Knight ×5 |
| 24:01 | Create | Knight ×5 |
| 24:02 | Create | Knight ×5 |
| 24:02 | Create | Knight ×5 |
| 24:03 | Create | Knight ×2 |
| 24:04 | Create | Knight |
| 24:06 | Create | Knight |
| 24:06 | Create | Knight |
| 24:12 | Create | Knight ×2 |
| 24:14 | Create | Knight |
| 24:28 | Build | Siege Workshop |
| 24:31 | Build | Siege Workshop |
| 24:33 | Build | Siege Workshop |
| 24:37 | Build | Siege Workshop |
| 24:44 | Create | Knight ×5 |
| 24:44 | Create | Knight ×5 |
| 24:44 | Create | Knight ×5 |
| 24:45 | Create | Knight ×5 |
| 24:45 | Create | Knight ×2 |
| 26:31 | Research | Capped Ram (upgrade) |
| 26:32 | Create | Battering Ram ×5 |
| 26:33 | Create | Battering Ram ×5 |
| 26:33 | Create | Battering Ram ×5 |
| 26:34 | Create | Battering Ram ×5 |
| 26:35 | Create | Battering Ram ×5 |
| 26:35 | Create | Battering Ram ×5 |
Build order — Dan1017
56 actions detected in the replay
| 16:58 | Build | Stable |
| 17:00 | Build | Stable |
| 17:01 | Build | Stable |
| 17:09 | Build | Stable |
| 18:05 | Research | Bloodlines |
| 18:06 | Research | Husbandry |
| 18:10 | Research | Szlachta Privileges |
| 18:14 | Research | Chain Mail Armor |
| 18:14 | Research | Chain Barding Armor |
| 18:15 | Research | Bodkin Arrow |
| 18:16 | Research | Leather Archer Armor |
| 18:57 | Build | Stable |
| 19:00 | Build | Stable |
| 19:02 | Build | Stable |
| 19:11 | Build | Stable |
| 19:13 | Build | Stable |
| 19:22 | Build | Stable |
| 20:09 | Create | Knight ×5 |
| 20:10 | Create | Knight ×5 |
| 20:10 | Create | Knight ×5 |
| 20:10 | Create | Knight ×5 |
| 20:11 | Create | Knight ×5 |
| 20:11 | Create | Knight ×5 |
| 20:11 | Create | Knight ×5 |
| 20:11 | Create | Knight ×5 |
| 20:12 | Create | Knight ×5 |
| 20:12 | Create | Knight ×5 |
| 20:12 | Create | Knight ×5 |
| 20:13 | Create | Knight ×5 |
| 22:45 | Create | Knight ×5 |
| 22:46 | Create | Knight ×5 |
| 22:46 | Create | Knight ×5 |
| 22:47 | Create | Knight ×5 |
| 22:47 | Create | Knight ×5 |
| 22:47 | Create | Knight ×5 |
| 22:48 | Create | Knight ×5 |
| 22:48 | Create | Knight ×5 |
| 22:48 | Create | Knight ×5 |
| 22:49 | Create | Knight ×5 |
| 22:49 | Create | Knight ×5 |
| 22:49 | Create | Knight ×5 |
| 22:49 | Create | Knight ×5 |
| 22:50 | Create | Knight ×5 |
| 22:50 | Create | Knight ×5 |
| 22:50 | Create | Knight ×5 |
| 23:23 | Create | Knight ×5 |
| 23:23 | Create | Knight ×5 |
| 23:23 | Create | Knight ×3 |
| 23:40 | Create | Knight ×4 |
| 25:55 | Build | Stable |
| 25:57 | Build | Stable |
| 25:59 | Build | Stable |
| 26:00 | Build | Stable |
| 26:03 | Build | Stable |
| 26:08 | Build | Stable |
| 27:50 | Create | Knight ×5 |
Build order — xpentanx
123 actions detected in the replay
| 4:38 | Research | Chain Mail Armor |
| 4:39 | Research | Iron Casting |
| 4:40 | Research | Chain Barding Armor |
| 4:41 | Research | Bodkin Arrow |
| 4:42 | Research | Leather Archer Armor |
| 4:45 | Research | Ballistics |
| 4:46 | Research | Guard Tower (upgrade) |
| 4:47 | Research | Tech 908 |
| 4:47 | Research | Careening |
| 13:16 | Build | Barracks |
| 13:23 | Build | Stable |
| 13:25 | Build | Stable |
| 13:27 | Build | Stable |
| 13:29 | Build | Stable |
| 13:30 | Build | Stable |
| 13:32 | Build | Stable |
| 13:40 | Build | Stable |
| 13:42 | Build | Stable |
| 13:43 | Build | Stable |
| 13:45 | Build | Stable |
| 13:47 | Build | Stable |
| 13:50 | Build | Stable |
| 14:05 | Build | Archery Range |
| 14:07 | Build | Archery Range |
| 14:10 | Build | Archery Range |
| 14:11 | Build | Archery Range |
| 14:14 | Build | Archery Range |
| 14:16 | Build | Archery Range |
| 14:19 | Build | Archery Range |
| 14:24 | Build | Archery Range |
| 14:26 | Build | Archery Range |
| 14:28 | Build | Archery Range |
| 15:08 | Research | Arson |
| 15:12 | Research | Husbandry |
| 16:06 | Create | Knight ×5 |
| 16:06 | Create | Knight ×5 |
| 16:07 | Create | Knight ×5 |
| 16:07 | Create | Knight ×5 |
| 16:08 | Create | Knight ×5 |
| 16:08 | Create | Knight ×5 |
| 16:35 | Create | Knight ×5 |
| 16:36 | Create | Knight ×5 |
| 16:50 | Create | Knight ×5 |
| 16:50 | Create | Knight ×5 |
| 16:51 | Create | Knight ×2 |
| 17:20 | Create | Knight ×5 |
| 17:20 | Create | Knight ×5 |
| 17:20 | Create | Knight ×5 |
| 17:21 | Create | Knight ×3 |
| 18:24 | Create | Knight ×5 |
| 18:24 | Create | Knight ×5 |
| 18:24 | Create | Knight ×3 |
| 18:46 | Create | Knight ×3 |
| 18:47 | Create | Knight ×3 |
| 18:50 | Create | Knight |
| 19:09 | Create | Knight ×3 |
| 19:10 | Create | Knight ×3 |
| 19:57 | Create | Knight ×5 |
| 19:57 | Create | Knight ×5 |
| 20:06 | Create | Knight |
| 20:07 | Create | Knight ×2 |
| 20:07 | Create | Knight ×2 |
| 20:59 | Create | Knight ×5 |
| 21:35 | Create | Knight ×4 |
| 21:36 | Create | Knight |
| 21:36 | Create | Knight |
| 21:37 | Create | Knight |
| 21:37 | Create | Knight |
| 22:58 | Create | Knight ×5 |
| 22:58 | Create | Knight ×5 |
| 22:58 | Create | Knight ×5 |
| 22:59 | Create | Knight ×5 |
| 22:59 | Create | Knight ×4 |
| 24:05 | Create | Knight ×5 |
| 24:05 | Create | Knight ×5 |
| 24:06 | Create | Knight ×5 |
| 24:06 | Create | Knight ×5 |
| 24:06 | Create | Knight ×5 |
| 24:07 | Create | Knight ×5 |
| 24:07 | Create | Knight ×3 |
| 24:14 | Research | Thumb Ring |
| 24:15 | Research | Crossbowman (upgrade) |
| 24:21 | Create | Archer ×5 |
| 24:21 | Create | Archer ×5 |
| 24:22 | Create | Archer ×5 |
| 24:22 | Create | Archer ×5 |
| 24:23 | Create | Archer ×5 |
| 24:23 | Create | Archer ×3 |
| 24:23 | Create | Archer ×3 |
| 24:25 | Create | Archer ×5 |
| 24:26 | Create | Archer ×5 |
| 24:26 | Create | Archer ×5 |
| 24:27 | Create | Archer ×5 |
| 25:11 | Create | Knight ×5 |
| 25:11 | Create | Knight ×5 |
| 25:12 | Create | Knight ×5 |
| 25:40 | Create | Archer ×5 |
| 25:41 | Create | Archer ×5 |
| 25:41 | Create | Archer ×5 |
| 25:41 | Create | Archer ×5 |
| 25:42 | Create | Archer ×5 |
| 25:42 | Create | Archer ×5 |
| 25:43 | Create | Archer ×5 |
| 25:43 | Create | Archer ×5 |
| 25:43 | Create | Archer ×5 |
| 25:44 | Create | Archer ×5 |
| 25:44 | Create | Archer |
| 25:45 | Create | Archer |
| 25:45 | Create | Archer |
| 25:47 | Create | Archer |
| 26:06 | Create | Archer |
| 26:06 | Create | Archer |
| 26:08 | Create | Archer ×3 |
| 26:08 | Create | Archer ×3 |
| 26:12 | Create | Archer |
| 26:46 | Create | Archer ×5 |
| 26:47 | Create | Archer ×5 |
| 26:47 | Create | Archer ×2 |
| 26:48 | Create | Archer |
| 27:28 | Build | Stable |
| 27:30 | Build | Stable |
| 27:33 | Build | Stable |
| 27:35 | Build | Stable |
Build order — Didacta
27 actions detected in the replay
| 11:09 | Research | Leather Archer Armor |
| 11:10 | Research | Bodkin Arrow |
| 11:11 | Research | Iron Casting |
| 11:12 | Research | Chain Mail Armor |
| 11:13 | Research | Chain Barding Armor |
| 11:18 | Research | Guard Tower (upgrade) |
| 11:19 | Research | Treadmill Crane |
| 11:20 | Research | Tech 908 |
| 11:21 | Research | Ballistics |
| 11:23 | Research | Careening |
| 11:30 | Research | Treadmill Crane |
| 11:31 | Research | Tech 908 |
| 11:32 | Research | Guard Tower (upgrade) |
| 11:37 | Research | Chatras |
| 14:33 | Research | Paper Money |
| 14:34 | Research | Tech 621 |
| 14:34 | Research | Sappers |
| 14:36 | Research | Spies/Treason |
| 14:41 | Research | Chemistry |
| 14:41 | Research | Arrowslits |
| 14:43 | Research | Siege Engineers |
| 14:44 | Research | Dry Dock |
| 14:45 | Research | Tech 907 |
| 14:49 | Research | Ring Archer Armor |
| 14:50 | Research | Bracer |
| 14:55 | Research | Plate Mail Armor |
| 14:56 | Research | Chain Barding Armor |
Build order — mcbobthegamr
10 actions detected in the replay
| 16:57 | Research | Guard Tower (upgrade) |
| 16:59 | Research | Ballistics |
| 17:01 | Research | Tech 908 |
| 17:03 | Research | Careening |
| 17:06 | Research | Iron Casting |
| 17:07 | Research | Chain Barding Armor |
| 17:08 | Research | Chain Mail Armor |
| 17:09 | Research | Leather Archer Armor |
| 17:10 | Research | Bodkin Arrow |
| 20:23 | Research | Tech 909 |
Build order — DEXXTER
First 150 of 204 actions detected
| 4:12 | Research | Chain Mail Armor |
| 4:13 | Research | Iron Casting |
| 4:15 | Research | Bodkin Arrow |
| 4:15 | Research | Leather Archer Armor |
| 4:16 | Research | Chain Barding Armor |
| 4:19 | Research | Treadmill Crane |
| 4:20 | Research | Ballistics |
| 7:04 | Build | Archery Range |
| 7:06 | Build | Archery Range |
| 7:09 | Build | Archery Range |
| 7:11 | Build | Archery Range |
| 7:12 | Build | Archery Range |
| 7:19 | Build | Archery Range |
| 7:20 | Build | Archery Range |
| 7:22 | Build | Archery Range |
| 7:25 | Build | Archery Range |
| 7:27 | Build | Archery Range |
| 7:29 | Build | Archery Range |
| 7:40 | Build | Building 487 |
| 8:57 | Research | Crossbowman (upgrade) |
| 10:16 | Create | Archer ×5 |
| 10:17 | Create | Archer ×5 |
| 10:17 | Create | Archer ×5 |
| 10:17 | Create | Archer ×5 |
| 10:18 | Create | Archer ×5 |
| 10:18 | Create | Archer ×5 |
| 10:19 | Create | Archer ×5 |
| 10:19 | Create | Archer ×5 |
| 10:19 | Create | Archer ×5 |
| 10:20 | Create | Archer ×5 |
| 10:20 | Create | Archer ×5 |
| 10:20 | Create | Archer ×5 |
| 10:21 | Create | Archer ×5 |
| 10:21 | Create | Archer ×5 |
| 10:22 | Create | Archer ×5 |
| 10:22 | Create | Archer ×5 |
| 10:42 | Create | Archer ×5 |
| 10:42 | Create | Archer ×5 |
| 10:42 | Create | Archer ×5 |
| 10:43 | Create | Archer ×5 |
| 10:44 | Create | Archer ×5 |
| 10:44 | Create | Archer ×5 |
| 11:25 | Create | Archer ×5 |
| 11:26 | Create | Archer ×5 |
| 11:26 | Create | Archer ×5 |
| 11:27 | Create | Archer ×5 |
| 11:27 | Create | Archer ×5 |
| 11:27 | Create | Archer ×5 |
| 11:28 | Create | Archer ×5 |
| 11:28 | Create | Archer ×5 |
| 11:29 | Create | Archer |
| 11:52 | Create | Archer ×5 |
| 11:53 | Create | Archer ×5 |
| 11:53 | Create | Archer ×5 |
| 11:53 | Create | Archer ×5 |
| 11:54 | Create | Archer ×5 |
| 11:54 | Create | Archer ×3 |
| 12:03 | Research | Guard Tower (upgrade) |
| 12:19 | Create | Archer ×5 |
| 12:19 | Create | Archer ×5 |
| 12:19 | Create | Archer ×5 |
| 12:20 | Create | Archer ×5 |
| 12:20 | Create | Archer ×5 |
| 12:21 | Create | Archer ×5 |
| 12:26 | Build | Archery Range |
| 12:28 | Build | Archery Range |
| 12:32 | Create | Archer |
| 12:32 | Create | Archer ×5 |
| 12:33 | Create | Archer ×5 |
| 13:05 | Create | Cavalry Archer ×5 |
| 13:06 | Create | Cavalry Archer ×5 |
| 13:06 | Create | Cavalry Archer ×5 |
| 14:13 | Build | Building 487 |
| 14:34 | Create | Cavalry Archer ×5 |
| 14:34 | Create | Cavalry Archer ×5 |
| 14:35 | Create | Cavalry Archer ×5 |
| 14:35 | Create | Cavalry Archer ×5 |
| 14:36 | Create | Cavalry Archer ×5 |
| 14:36 | Create | Cavalry Archer ×5 |
| 14:37 | Create | Cavalry Archer ×5 |
| 14:37 | Create | Cavalry Archer ×5 |
| 14:37 | Create | Cavalry Archer ×5 |
| 14:38 | Create | Cavalry Archer ×5 |
| 14:38 | Create | Cavalry Archer ×5 |
| 14:39 | Create | Cavalry Archer ×5 |
| 14:39 | Create | Cavalry Archer ×5 |
| 14:39 | Create | Cavalry Archer ×4 |
| 16:34 | Research | Elite Berserk (upgrade) |
| 16:37 | Research | Chieftains |
| 16:39 | Research | Tech 49 |
| 16:39 | Research | Conscription |
| 16:43 | Research | Arbalester (upgrade) |
| 16:49 | Research | Bracer |
| 16:50 | Research | Plate Mail Armor |
| 16:50 | Research | Blast Furnace |
| 16:51 | Research | Ring Archer Armor |
| 16:54 | Research | Chemistry |
| 16:55 | Research | Siege Engineers |
| 17:37 | Build | Siege Workshop |
| 17:40 | Build | Siege Workshop |
| 17:43 | Build | Siege Workshop |
| 17:46 | Create | Cavalry Archer ×5 |
| 17:46 | Create | Cavalry Archer ×5 |
| 17:47 | Create | Cavalry Archer ×5 |
| 17:47 | Create | Cavalry Archer ×5 |
| 17:47 | Create | Cavalry Archer ×5 |
| 17:48 | Create | Cavalry Archer ×5 |
| 17:48 | Create | Cavalry Archer ×5 |
| 17:49 | Create | Cavalry Archer ×5 |
| 17:49 | Create | Cavalry Archer ×5 |
| 17:49 | Create | Cavalry Archer ×5 |
| 18:21 | Create | Cavalry Archer ×5 |
| 18:21 | Create | Cavalry Archer ×5 |
| 18:21 | Create | Cavalry Archer ×5 |
| 18:22 | Create | Cavalry Archer ×5 |
| 18:22 | Create | Cavalry Archer ×5 |
| 18:23 | Create | Cavalry Archer ×5 |
| 18:23 | Create | Cavalry Archer ×5 |
| 18:23 | Create | Cavalry Archer ×5 |
| 18:24 | Create | Cavalry Archer ×5 |
| 18:24 | Create | Cavalry Archer ×5 |
| 18:24 | Create | Cavalry Archer ×5 |
| 18:25 | Create | Cavalry Archer ×5 |
| 19:10 | Create | Cavalry Archer ×5 |
| 19:11 | Create | Cavalry Archer ×5 |
| 19:11 | Create | Cavalry Archer ×5 |
| 19:12 | Create | Cavalry Archer ×5 |
| 19:12 | Create | Cavalry Archer ×5 |
| 19:12 | Create | Cavalry Archer ×4 |
| 19:15 | Research | Capped Ram (upgrade) |
| 19:31 | Build | Watch Tower |
| 19:39 | Build | Watch Tower |
| 19:40 | Build | Watch Tower |
| 19:42 | Build | Watch Tower |
| 19:43 | Build | Watch Tower |
| 19:43 | Build | Watch Tower |
| 19:44 | Build | Watch Tower |
| 19:45 | Build | Watch Tower |
| 19:46 | Build | Watch Tower |
| 19:46 | Build | Watch Tower |
| 19:53 | Create | Archer ×5 |
| 19:54 | Create | Archer ×5 |
| 19:54 | Create | Archer ×5 |
| 19:54 | Create | Archer ×5 |
| 19:55 | Create | Archer ×3 |
| 19:59 | Create | Cavalry Archer ×2 |
| 20:00 | Create | Cavalry Archer ×2 |
| 20:18 | Research | Arrowslits |
| 21:46 | Research | Siege Ram (upgrade) |
| 21:47 | Create | Battering Ram |
Match timeline
| 7:04 | DEXXTER · first_building Archery Range |
| 13:16 | xpentanx · first_building Barracks |
| 13:23 | xpentanx · first_building Stable |
| 14:05 | xpentanx · first_building Archery Range |
| 15:32 | Krl0zz16 · first_building Stable |
| 16:58 | Dan1017 · first_building Stable |
| 17:37 | DEXXTER · first_building Siege Workshop |
| 17:38 | LOGAN · first_building Archery Range |
| 21:12 | Uber_Black · first_building Stable |
| 22:52 | Didacta · resign |
| 24:28 | Krl0zz16 · first_building Siege Workshop |
| 25:25 | LOGAN · first_building Barracks |
| 27:41 | Krl0zz16 · wall_segment Palisade Wall x13 |
| 27:47 | Krl0zz16 · wall_segment Palisade Wall x3 |
[ AI ANALYSIS · 1 CREDIT ]
What really happened in this match?
Wolo.gg analyzes every decision: build order, eco, micro, common mistakes by bracket. Personalized analysis on WhatsApp or Discord in 30 seconds.
Civ guide
Bohemians
Map guide
CBA_=REQUIEM=_V292 (Scenario)
Perfil
Jugador #24997539